 Dungeon Crawl Stone Soup version 0.30-a0-1160-g6e42c06551 (webtiles) character file.

Game seed: 933304359805399326

86 Lobster4 the Conjurer (level 4, 0/32 HPs)
             Began as a Human Conjurer on Apr 26, 2023.
             Slain by Sigmund
             ... wielding a +3 scythe
              (8 damage)
             ... on level 3 of the Dungeon.
             The game lasted 00:08:35 (3058 turns).

Lobster4 the Conjurer (Human Conjurer)              Turns: 3058, Time: 00:08:36

Health: 0/32       AC:  3    Str: 10    XL:     4   Next: 78%
Magic:  7/7        EV: 12    Int: 18    God:
Gold:   168        SH:  0    Dex: 11    Spells: 4/7 levels left

rFire   . . .        o - +2 dagger (holy)
rCold   . . .        (no shield)
rNeg    . . .        a - +0 robe
rPois   .            (no helmet)
rElec   .            (no cloak)
rCorr   .            (no gloves)
SInv    .            s - +0 pair of boots
Will    .....        (no amulet)
Stlth   ++           (no ring)
HPRegen 0.25/turn    (no ring)
MPRegen 0.10/turn

%: no passive effects
@: hasted, very quick
A: no striking features
a: no special abilities


You were on level 3 of the Dungeon.
You visited 1 branch of the dungeon, and saw 4 of its levels.

You collected 168 gold pieces.

Inventory:

Hand Weapons
 d - a +0 sling
 f - a +0 whip
 n - a +0 short sword
 o - a +2 dagger of holy wrath (weapon)
Missiles
 e - 25 stones
Armour
 a - a +0 robe (worn)
 k - a +0 leather armour
 s - a +0 pair of boots (worn)
 v - a +0 ring mail
Jewellery
 t - a ring of wizardry
Scrolls
 g - a scroll of blinking {unknown}
 h - a scroll of teleportation {unknown}
 i - a scroll of brand weapon {unknown}
 r - a scroll of vulnerability {unknown}
Potions
 b - a potion of magic
 c - 3 potions of curing {unknown}
 l - 2 potions of heal wounds {unknown}
 m - a potion of cancellation
 p - a potion of might {unknown}
 u - a potion of flight
 w - a potion of mutation


   Skills:
 + Level 1.5 Fighting
 + Level 0.6 Short Blades
 + Level 0.6 Throwing
 + Level 1.4 Armour
 + Level 2.5 Dodging
 - Level 2.0 Stealth
 + Level 2.4 Spellcasting
 + Level 4.3 Conjurations
 + Level 0.0 Evocations


You had 4 spell levels left.
You knew the following spells:

 Your Spells              Type           Power      Damage    Failure   Level
a - Magic Dart            Conj           68%        1d6       3%          1
b - Searing Ray           Conj           34%        2d5       4%          2

Your spell library contained the following spells:

 Spells                   Type           Power      Damage    Failure   Level
 Dazzling Flash           Conj/Hex       20%        N/A       22%         3
 Ensorcelled Hibernation  Hex/Ice        4%         N/A       26%         2
 Spider Form              Tmut/Pois      2%         N/A       45%         3
 Fulminant Prism          Conj/Hex       5%         3d6       56%         4
 Iskenderun's Mystic Bla  Conj/Tloc      10%        2d4       56%         4
 Anguish                  Hex/Necr       1%         N/A       86%         4


Dungeon Overview and Level Annotations

Branches:
Dungeon (4/15)
 Temple: D:4-7

Altars:

Shops:
D:1 (

Annotations:
D:2 1 runed translucent door, Crazy Yiuf, Jessica
D:3 Sigmund
D:4 Eustachio


Message History

Sigmund barely misses you.
You feel yourself speed up. Sigmund hits you with a +3 scythe!
You hit Sigmund.
Sigmund is lightly wounded.
You closely miss Sigmund.
Sigmund is lightly wounded.
Sigmund screams, "I am the angel of ZOT!!!"
Sigmund barely misses you.
You barely miss Sigmund.
Sigmund is lightly wounded.
You hit Sigmund.
Sigmund is moderately wounded.
You barely miss Sigmund.
Sigmund is moderately wounded.
Sigmund misses you.
You hit Sigmund but do no damage.
Sigmund is moderately wounded.
You barely miss Sigmund.
Sigmund is moderately wounded.
Sigmund hits you with a +3 scythe.
You hit Sigmund.
Sigmund is heavily wounded.
You hit Sigmund but do no damage.
Sigmund is heavily wounded.
You hit Sigmund.
Sigmund is severely wounded.
Sigmund closely misses you.
You hit Sigmund but do no damage.
Sigmund is severely wounded.
You barely miss Sigmund.
Sigmund is severely wounded.
Sigmund hits you with a +3 scythe!
* * * LOW HITPOINT WARNING * * *
You closely miss Sigmund.
Sigmund is severely wounded.
You hit Sigmund but do no damage.
Sigmund is severely wounded.
Sigmund hits you with a +3 scythe!
You die...

..# #.#
##### #.#
....# #.#
###.# #.#
###.### #.#
......#
#.#=####
......#
#>#.@@.#
......#
#.####.#
......#
#......#
......#
########
#######
###########
#.....#...#


You could see Sigmund.

Vanquished Creatures
  Ijyb (D:3)
  A gnoll (D:1)
  A worm (D:2)
  A dart slug (D:2)
  2 ball pythons (D:1)
  7 endoplasms
  3 giant cockroaches
  2 goblins
  9 hobgoblins
  A quokka (D:1)
  5 bats
  2 frilled lizards (D:2)
  2 kobolds
  6 rats
43 creatures vanquished.

Vanquished Creatures (others)
  3 demonic plants (D:1)
  6 fungi (D:1)
  2 plants (D:1)
  A withered plant (D:1)
12 creatures vanquished.

Grand Total: 55 creatures vanquished

Notes
Turn   | Place    | Note
-------+----------+-------------------------------------------
     0 | D:1      | Lobster4 the Human Conjurer began the quest for the Orb.
     0 | D:1      | Reached XP level 1. HP: 13/13 MP: 3/3
   131 | D:1      | Reached XP level 2. HP: 8/20 MP: 0/5
   136 | D:1      | HP: 1/20 [ball python (3)]
   271 | D:1      | Found Rauhowk's Weapon Emporium.
   332 | D:1      | Learned a level 2 spell: Searing Ray
   635 | D:1      | Found a faded altar of an unknown god.
   759 | D:1      | Reached XP level 3. HP: 25/25 MP: 4/6
  1071 | D:1      | Reached skill level 1 in Fighting
  1071 | D:1      | Reached skill level 1 in Armour
  1513 | D:2      | Reached XP level 4. HP: 32/32 MP: 4/7
  1894 | D:2      | Found a runed translucent door.
  1894 | D:2      | Noticed Jessica
  1895 | D:2      | Noticed Crazy Yiuf
  2903 | D:4      | Noticed Ijyb
  2931 | D:4      | Noticed an ogre
  2964 | D:3      | Killed Ijyb
  3030 | D:4      | Noticed Eustachio
  3041 | D:3      | Noticed Sigmund
  3058 | D:3      | Slain by Sigmund

Illustrated notes

Levels and vault maps discovered:
D:1:      erik_arrival_triangle_small, layout_basic, serial_shops,
          shop_fountains, shapermc_ecumenical_altar_gd
D:2:      layout_basic, grunt_ministairs_2, minmay_circled_x,
          uniq_crazy_yiuf_cottage, uniq_jessica
D:3:      layout_basic, uniq_sigmund, uniq_grinder
D:4:      layout_cave_pools, mainiacjoe_overflow_catwalk, uniq_ijyb,
          uniq_eustachio

Skill      XL: |  1  2  3 |
---------------+----------+-----
Fighting       | 1 |  1.5
Armour         | 1 |  1.4
Short Blades   | |  0.6
Throwing       | |  0.6
Dodging        | |  2.5
Stealth        | |  2.0
Spellcasting   | |  2.4
Conjurations   | |  4.3

Action                     |  1- 3 |  4- 6 || total
---------------------------+-------+-------++-------
  Melee: Unarmed           |    11 |       ||    11
         Whip              |     4 |       ||     4
         Dagger            |     4 |    17 ||    21
   Cast: Magic Dart        |    65 |    20 ||    85
         Searing Ray       |     1 |     3 ||     4
  Evoke: Wand              |       |     1 ||     1
    Use: Scroll            |       |     5 ||     5
         Potion            |       |     2 ||     2
 Armour: Robe              |     3 |     1 ||     4
         Skin              |       |     7 ||     7
  Dodge: Dodged            |    18 |     5 ||    23

Table legend: (Time is in decaauts)
 A = Elapsed time spent in this place.
 B = Non-inter-level travel time spent in this place.
 C = Inter-level travel time spent in this place.
 D = Time resting spent in this place.
 E = Time spent auto-exploring this place.
 F = Levels seen in this place.
 G = Mean time per level.
                   A        B        C        D        E       F      G
               +--------+--------+--------+--------+--------+-----+--------+
         Total |   3053 |   2917 |    136 |    215 |   2337 |   4 |  763.2 |
       Dungeon |   3053 |   2917 |    136 |    215 |   2337 |   4 |  763.2 |
               +--------+--------+--------+--------+--------+-----+--------+

Top non-repeatable levels by time:
     D:1: 1191 daAuts
     D:2: 1158 daAuts
     D:3: 662 daAuts
     D:4: 40 daAuts
